 Dungeon Crawl Stone Soup version 0.29-a0-878-g7b45a56547 (webtiles) character file.

Game seed: 13327297802462722536

90 Snarg the Vexing (level 4, -1/22 HPs)
             Began as a Spriggan Arcane Marksman on July 19, 2022.
             Killed from afar by an orc wizard (4 damage)
             ... with a magic dart
             ... on level 2 of the Dungeon.
             The game lasted 00:05:53 (2507 turns).

Snarg the Vexing (Spriggan Arcane Marksman)         Turns: 2507, Time: 00:05:54

Health: -1/22      AC:  2    Str:  3 (6)  XL:     4   Next: 32%
Magic:  5/7        EV: 18    Int: 13 (14) God:
Gold:   104        SH:  0    Dex: 16 (17) Spells: 4/5 levels left

rFire   . . .      SeeInvis +   b - +1 dagger (flame)
rCold   . . .      Faith    .   (no shield)
rNeg    . . .      Spirit   .   c - +0 robe
rPois   .          Reflect  .   (helmet restricted)
rElec   .          Harm     .   (no cloak)
rCorr   .          Rampage  .   (gloves unavailable)
Will    .....                   (boots unavailable)
Stlth   ++........              (no amulet)
HPRegen 0.07/turn               (no ring)
MPRegen 0.10/turn               (no ring)

@: very slightly contaminated, very quick
A: very small, no large weapons, unfitting armour, see invisible, speed 3
a: no special abilities


You were on level 2 of the Dungeon.
You visited 1 branch of the dungeon, and saw 3 of its levels.

You collected 104 gold pieces.

Inventory:

Hand Weapons
 a - a +0 sling
 b - a +1 dagger of flaming (weapon)
 s - a +1 short sword of flaming
Missiles
 e - 14 stones
 i - 2 poisoned darts
 q - 4 boomerangs
Armour
 c - a +0 robe (worn)
Scrolls
 f - a scroll of vulnerability
 h - a scroll of poison {unknown}
 k - a scroll of enchant weapon {unknown}
 l - 3 scrolls of teleportation {unknown}
 n - 2 scrolls of summoning {unknown}
 p - 2 scrolls of amnesia {unknown}
Potions
 j - a potion of haste {unknown}
 m - a potion of degeneration


   Skills:
 - Level 1.0 Fighting
 + Level 1.0 Short Blades
 + Level 3.1 Ranged Weapons
 + Level 3.2 Dodging
 * Level 2.8 Stealth
 - Level 1.3 Spellcasting
 + Level 4.2 Hexes


You had 4 spell levels left.
You knew the following spells:

 Your Spells              Type           Power      Damage    Failure   Level
a - Slow                  Hex            48%        N/A       4%          1

Your spell library contained the following spells:

 Spells                   Type           Power      Damage    Failure   Level
 Inner Flame              Hex/Fire       6%         N/A       34%         3
 Portal Projectile        Hex/Tloc       12%        N/A       34%         3
 Cause Fear               Hex            6%         N/A       43%         4


Dungeon Overview and Level Annotations

Branches:
Dungeon (3/15)

Altars:

Annotations:
D:1 clr
D:2 1 runed translucent door, Crazy Yiuf


Innate Abilities, Weirdness & Mutations

You are very small and have problems with some larger weapons.
You are too small for most types of armour.
You have supernaturally acute eyesight. (SInv)
You cover ground extremely quickly. (Speed+++)


Message History

The orc wizard hits you with a +0 dagger.
You climb upwards.
Level annotation: 1 runed translucent door, Crazy Yiuf
There is a stone staircase leading down here.
Your +1 dagger of flaming bursts into flame!
b - a +1 dagger of flaming (weapon)
You closely miss the orc wizard.
The orc wizard is moderately wounded.
The orc wizard gestures at you while chanting.
The magic dart hits you!
You hit the orc wizard. You burn the orc wizard.
The orc wizard is heavily wounded.
The orc wizard hits you with a +0 dagger.
You closely miss the orc wizard.
The orc wizard is heavily wounded.
The orc wizard hits you with a +0 dagger.
Casting: Slow (safe; 4% risk of failure)
Confirm with . or Enter, or press ? or * to list all spells.
Aiming: Slow (safe; 4% risk of failure)
Press: ? - help, Shift-Dir - straight line, f - orc wizard
Aim: an orc wizard, wielding a +0 dagger and wearing a +0 robe (heavily wounded, slightly transparent, chance to affect: 50%)
You miscast Slow.
You are very lightly contaminated with residual magic.
Nothing appears to happen.
The orc wizard casts a spell at you. The puff of flame hits you.
* * * LOW HITPOINT WARNING * * *
It was a potion of degeneration.
There was something very wrong with that liquid.
You feel weakened.
You feel dopey.
You feel clumsy. The orc wizard misses you.
Casting: Slow (safe; 4% risk of failure)
Confirm with . or Enter, or press ? or * to list all spells.
Aiming: Slow (safe; 4% risk of failure)
Press: ? - help, Shift-Dir - straight line, f/p - orc wizard
Aim: an orc wizard, wielding a +0 dagger and wearing a +0 robe (heavily wounded, slightly transparent, chance to affect: 50%)
The orc wizard seems to slow down.
The orc wizard points at you and mumbles some strange words.
The magic dart hits you.
You die...

#.########.# #.................
#.# #.# #..#####.#.####### #.#
#.# #..#######.# #... ##.## #.#
#.....# #.####.## ....#
#.#####.##.####.##..... #####
#.##....#.....#.##.#.##
#.#.......###.#.#....#
#.#.......# #........##
♣♣###.....@...###.#.#...#.# #♣♣
♣♣.#...##..o.#..............
+.♣♣♣♣......#####................
#♣..♣......## #..#.#.#.........
♣♣♣.♣..#.## #..#.#.####...#..
♣♣♣♣♣### #.........#...#..
########.##............. ######
#....................... #.##.#
########.####.##.######.


You could see an orc wizard (invisible, slow).

Vanquished Creatures
  4 adders (D:2)
  A worm (D:2)
  3 dart slugs
  2 orcs (D:3)
  3 bats
  4 endoplasms
  2 goblins
  5 hobgoblins
  3 jackals (D:1)
  2 quokkas
  5 ball pythons
  A frilled lizard (D:2)
  5 kobolds
  3 rats
43 creatures vanquished.

Notes
Turn   | Place    | Note
-------+----------+-------------------------------------------
     0 | D:1      | Snarg the Spriggan Arcane Marksman began the quest for the
                  | Orb.
     0 | D:1      | Reached XP level 1. HP: 9/9 MP: 3/3
   127 | D:1      | Reached skill level 1 in Fighting
   127 | D:1      | Reached skill level 4 in Hexes
   301 | D:1      | Reached XP level 2. HP: 14/14 MP: 5/5
   542 | D:1      | Reached skill level 1 in Stealth
  1166 | D:2      | Reached XP level 3. HP: 18/18 MP: 6/6
  1198 | D:2      | Found a runed translucent door.
  1199 | D:2      | Noticed Crazy Yiuf
  2004 | D:2      | Reached XP level 4. HP: 22/22 MP: 4/7
  2495 | D:3      | Reached skill level 1 in Short Blades
  2507 | D:2      | Killed from afar by an orc wizard

Illustrated notes

Levels and vault maps discovered:
D:1:      amcnicky_arrival_gap_in_the_tavern_cellar, layout_loops_ring
D:2:      layout_loops_ring, uniq_crazy_yiuf_cottage
D:3:      layout_rooms, basic_ecumenical_altar

Skill      XL: |  1  2  3  4 |
---------------+-------------+-----
Fighting       | 1 |  1.0
Hexes          | 4 |  4.2
Dodging        | 3 |  3.2
Stealth        | 2 |  2.8
Ranged Weapons | 3 |  3.1
Short Blades   | 1 |  1.0
Spellcasting   | |  1.3

Action                   |  1- 3 |  4- 6 || total
-------------------------+-------+-------++-------
Melee: Short sword       |    10 |       ||    10
       Dagger            |    62 |    16 ||    78
       Punch             |     2 |       ||     2
 Fire: Sling             |    75 |     8 ||    83
 Cast: Slow              |    11 |     3 ||    14
  Use: Potion            |       |     1 ||     1
 Stab: Sleeping          |     4 |       ||     4
Armor: Robe              |     3 |       ||     3
Dodge: Dodged            |    66 |     7 ||    73

Table legend: (Time is in decaauts)
 A = Elapsed time spent in this place.
 B = Non-inter-level travel time spent in this place.
 C = Inter-level travel time spent in this place.
 D = Time resting spent in this place.
 E = Time spent auto-exploring this place.
 F = Levels seen in this place.
 G = Mean time per level.
                   A        B        C        D        E       F      G
               +--------+--------+--------+--------+--------+-----+--------+
         Total |   1887 |   1839 |     48 |    120 |   1351 |   3 |  629.0 |
       Dungeon |   1887 |   1839 |     48 |    120 |   1351 |   3 |  629.0 |
               +--------+--------+--------+--------+--------+-----+--------+

Top non-repeatable levels by time:
     D:2: 1071 daAuts
     D:1: 805 daAuts
     D:3: 11 daAuts
